[ AOE2 MATCH · #495275446 ]
UnrankedMaya vs Khmer
Player's team · LOSS
Rival team · WIN
[ REPLAY ANALYSIS · EXTRACTED FROM THE RECORDED GAME ]
Feudal
10:08
Castle
19:32
Imperial
—
| APM avg | 95.6 |
| APM peak | 154 |
| eAPM avg | 48.6 |
| Villagers / military | 63 / 100 |
Focus
⚔️ 64.8% · 🌾 35.2%
Eagle Scout ×66 · Skirmisher ×12 · Monk ×8 · Archer ×8 · Spearman ×4 · Militia ×2
Feudal
8:25
Castle
21:34
Imperial
—
| APM avg | 66.7 |
| APM peak | 102 |
| eAPM avg | 32.0 |
| Villagers / military | 87 / 88 |
Focus
⚔️ 52.8% · 🌾 47.2%
Knight ×34 · Cavalry Archer ×21 · Scout Cavalry ×17 · Skirmisher ×14 · Battle Elephant ×2
Match map
Initial resources + every placement click. Lines = walls · curves = elevation contours. ◆ gold · ⬟ stone · ● berries · ✦ relic · ◌ wall gap
Your base· Open — opponent sealed themselves in
F1Re's base· ✓ Closed at 21:34 · 34t walls · no gate
Smoothed initial terrain · ◌ = detected wall gap · hover for details
Inputs per minute
— Dark_aoe - - F1Re
Build order — Dark_aoe
First 150 of 282 actions detected
| 0:00 | Queue | Villager (Male) |
| 0:02 | Research | Loom |
| 0:03 | Research | Loom |
| 0:04 | Build | House |
| 0:05 | Build | House |
| 0:08 | Queue | Villager (Male) ×3 |
| 1:31 | Queue | Villager (Male) |
| 1:59 | Build | Lumber Camp |
| 2:03 | Queue | Villager (Male) |
| 2:03 | Queue | Villager (Male) |
| 2:46 | Queue | Villager (Male) |
| 3:13 | Queue | Villager (Male) |
| 3:45 | Queue | Villager (Male) |
| 3:50 | Build | House |
| 4:06 | Queue | Villager (Male) |
| 4:29 | Queue | Villager (Male) |
| 4:52 | Build | Barracks |
| 4:55 | Queue | Villager (Male) |
| 5:18 | Queue | Villager (Male) |
| 5:19 | Queue | Villager (Male) |
| 5:19 | Queue | Villager (Male) |
| 5:35 | Build | House |
| 5:54 | Queue | Militia |
| 6:10 | Queue | Villager (Male) |
| 6:16 | Build | Mill |
| 6:17 | Queue | Militia |
| 6:35 | Queue | Villager (Male) |
| 7:01 | Queue | Villager (Male) |
| 7:04 | Build | House |
| 7:14 | Build | House |
| 7:15 | Build | Palisade Wall |
| 7:31 | Queue | Villager (Male) |
| 7:55 | Research | Feudal Age |
| 8:05 | Build | Palisade Wall |
| 8:06 | Build | House |
| 8:32 | Build | Outpost |
| 8:56 | Queue | Villager (Male) |
| 9:24 | Build | Mining Camp |
| 10:08 | Age | Feudal Age |
| 10:09 | Queue | Villager (Male) |
| 10:10 | Build | Archery Range |
| 10:17 | Research | Double-Bit Axe |
| 10:32 | Queue | Spearman |
| 10:57 | Queue | Villager (Male) |
| 11:05 | Queue | Spearman |
| 11:10 | Build | Farm |
| 11:11 | Build | Farm |
| 11:12 | Build | Farm |
| 11:20 | Build | Palisade Wall |
| 11:24 | Queue | Villager (Male) |
| 11:30 | Build | Farm |
| 11:33 | Queue | Archer |
| 11:33 | Queue | Archer |
| 11:35 | Queue | Villager (Male) |
| 11:40 | Build | House |
| 11:47 | Build | Farm |
| 12:00 | Build | Farm |
| 12:01 | Queue | Villager (Male) |
| 12:03 | Queue | Spearman |
| 12:15 | Build | House |
| 12:18 | Queue | Villager (Male) |
| 12:24 | Queue | Archer |
| 12:29 | Build | Farm |
| 12:52 | Queue | Villager (Male) |
| 12:59 | Build | Farm |
| 13:09 | Build | Blacksmith |
| 13:14 | Build | Palisade Gate |
| 13:15 | Build | Palisade Wall |
| 13:22 | Build | Farm |
| 13:22 | Queue | Villager (Male) |
| 13:37 | Queue | Archer |
| 13:49 | Queue | Villager (Male) |
| 14:12 | Queue | Villager (Male) |
| 14:14 | Queue | Archer |
| 14:21 | Build | House |
| 14:29 | Build | Farm |
| 14:33 | Build | Farm |
| 14:39 | Queue | Villager (Male) |
| 14:56 | Build | House |
| 15:03 | Build | House |
| 15:04 | Build | Palisade Wall |
| 15:10 | Build | Farm |
| 15:10 | Queue | Villager (Male) |
| 15:11 | Queue | Archer |
| 15:17 | Queue | Spearman |
| 15:36 | Queue | Villager (Male) |
| 15:43 | Queue | Archer |
| 15:58 | Queue | Villager (Male) |
| 16:17 | Build | Barracks |
| 16:23 | Queue | Villager (Male) |
| 16:28 | Research | Gold Mining |
| 16:50 | Build | Palisade Wall |
| 16:51 | Build | Palisade Wall |
| 16:52 | Research | Castle Age |
| 17:09 | Research | Horse Collar |
| 17:11 | Queue | Eagle Scout |
| 17:19 | Build | Mining Camp |
| 17:23 | Build | Palisade Wall |
| 17:31 | Queue | Archer |
| 17:57 | Build | Palisade Wall |
| 17:58 | Queue | Eagle Scout |
| 17:58 | Queue | Eagle Scout |
| 18:00 | Build | Palisade Wall |
| 18:08 | Build | Palisade Wall |
| 18:14 | Build | House |
| 18:18 | Build | Watch Tower |
| 18:24 | Build | House |
| 18:27 | Build | House |
| 18:30 | Build | House |
| 18:37 | Research | Fletching |
| 18:37 | Research | Fletching |
| 18:49 | Research | Forging |
| 18:50 | Build | Palisade Wall |
| 18:53 | Queue | Villager (Male) |
| 19:01 | Queue | Eagle Scout |
| 19:01 | Queue | Eagle Scout |
| 19:04 | Build | Lumber Camp |
| 19:11 | Build | Palisade Wall |
| 19:32 | Age | Castle Age |
| 19:36 | Queue | Eagle Scout |
| 19:36 | Queue | Eagle Scout |
| 19:36 | Queue | Eagle Scout |
| 19:50 | Queue | Villager (Male) |
| 19:53 | Build | Farm |
| 20:05 | Build | Market |
| 20:08 | Build | Farm |
| 20:20 | Research | Squires |
| 20:22 | Queue | Eagle Scout |
| 20:22 | Queue | Eagle Scout |
| 20:22 | Queue | Eagle Scout |
| 20:26 | Queue | Villager (Male) |
| 20:36 | Research | Scale Mail Armor |
| 20:36 | Research | Scale Mail Armor |
| 20:43 | Queue | Villager (Male) |
| 21:05 | Queue | Eagle Scout |
| 21:06 | Queue | Eagle Scout |
| 21:11 | Queue | Villager (Male) |
| 21:22 | Build | Mining Camp |
| 21:24 | Build | Mill |
| 21:30 | Queue | Eagle Scout |
| 21:30 | Queue | Eagle Scout |
| 21:33 | Research | Arson |
| 21:33 | Research | Arson |
| 21:42 | Queue | Villager (Male) |
| 21:45 | Build | Barracks |
| 21:47 | Build | Barracks |
| 21:54 | Research | Bow Saw |
| 21:54 | Research | Bow Saw |
| 21:58 | Queue | Villager (Male) |
| 22:14 | Queue | Eagle Scout |
Build order — F1Re
First 150 of 320 actions detected
| 0:00 | Queue | Villager (Male) |
| 0:01 | Build | House |
| 0:02 | Build | House |
| 0:03 | Queue | Villager (Male) |
| 0:06 | Queue | Villager (Male) |
| 0:06 | Queue | Villager (Male) |
| 1:26 | Queue | Villager (Male) |
| 1:44 | Build | House |
| 1:59 | Queue | Villager (Male) |
| 2:00 | Queue | Villager (Male) |
| 2:27 | Queue | Villager (Male) |
| 2:27 | Queue | Villager (Male) |
| 2:39 | Build | Lumber Camp |
| 2:45 | Queue | Villager (Male) |
| 2:45 | Queue | Villager (Male) |
| 3:25 | Queue | Villager (Male) |
| 3:26 | Queue | Villager (Male) |
| 3:26 | Queue | Villager (Male) |
| 3:50 | Build | House |
| 4:01 | Queue | Villager (Male) |
| 4:26 | Queue | Villager (Male) |
| 5:08 | Queue | Villager (Male) |
| 5:29 | Research | Loom |
| 6:11 | Research | Feudal Age |
| 6:11 | Research | Feudal Age |
| 6:50 | Build | House |
| 6:52 | Build | Palisade Wall |
| 8:25 | Age | Feudal Age |
| 8:27 | Queue | Villager (Male) |
| 8:29 | Build | Stable |
| 8:29 | Research | Double-Bit Axe |
| 8:48 | Queue | Villager (Male) |
| 9:05 | Queue | Villager (Male) |
| 9:12 | Build | Mill |
| 9:13 | Queue | Scout Cavalry |
| 9:13 | Queue | Scout Cavalry |
| 9:14 | Build | Farm |
| 9:14 | Queue | Villager (Male) |
| 9:26 | Build | Farm |
| 9:28 | Build | House |
| 9:41 | Build | Farm |
| 9:48 | Queue | Scout Cavalry |
| 9:48 | Queue | Scout Cavalry |
| 9:49 | Queue | Scout Cavalry |
| 9:57 | Build | Farm |
| 10:04 | Build | House |
| 10:08 | Queue | Villager (Male) |
| 10:08 | Queue | Villager (Male) |
| 10:23 | Build | House |
| 10:26 | Queue | Villager (Male) |
| 10:30 | Build | Farm |
| 10:37 | Build | Palisade Wall |
| 10:38 | Queue | Villager (Male) |
| 10:38 | Queue | Villager (Male) |
| 10:55 | Queue | Villager (Male) |
| 11:21 | Queue | Villager (Male) |
| 11:26 | Build | Farm |
| 11:27 | Build | Farm |
| 11:29 | Build | Lumber Camp |
| 11:35 | Build | Palisade Wall |
| 11:49 | Build | House |
| 11:59 | Build | Palisade Wall |
| 11:59 | Build | Palisade Wall |
| 12:01 | Build | Palisade Wall |
| 12:04 | Queue | Villager (Male) |
| 12:18 | Build | Palisade Wall |
| 12:22 | Queue | Villager (Male) |
| 12:48 | Build | Archery Range |
| 12:54 | Queue | Villager (Male) |
| 12:59 | Queue | Villager (Male) |
| 13:04 | Build | Farm |
| 13:11 | Build | Farm |
| 13:16 | Queue | Scout Cavalry |
| 13:26 | Build | House |
| 13:27 | Build | House |
| 13:29 | Queue | Villager (Male) |
| 13:32 | Build | Farm |
| 13:40 | Build | House |
| 13:44 | Queue | Skirmisher |
| 13:44 | Queue | Skirmisher |
| 13:47 | Queue | Villager (Male) |
| 13:57 | Build | Farm |
| 14:11 | Build | Farm |
| 14:13 | Queue | Skirmisher |
| 14:32 | Build | House |
| 14:33 | Queue | Villager (Male) |
| 14:34 | Build | Farm |
| 14:50 | Queue | Villager (Male) |
| 14:53 | Queue | Skirmisher |
| 14:57 | Build | Farm |
| 15:06 | Queue | Scout Cavalry |
| 15:12 | Build | Palisade Wall |
| 15:14 | Build | Palisade Wall |
| 15:21 | Build | Farm |
| 15:29 | Research | Horse Collar |
| 15:30 | Queue | Villager (Male) |
| 15:30 | Queue | Scout Cavalry |
| 15:31 | Queue | Scout Cavalry |
| 15:44 | Queue | Skirmisher |
| 15:55 | Queue | Skirmisher |
| 16:01 | Queue | Villager (Male) |
| 16:03 | Build | House |
| 16:13 | Queue | Villager (Male) |
| 16:24 | Build | Blacksmith |
| 16:25 | Queue | Villager (Male) |
| 16:40 | Queue | Villager (Male) |
| 16:45 | Build | Mining Camp |
| 16:50 | Build | House |
| 17:04 | Build | Farm |
| 17:12 | Research | Fletching |
| 17:12 | Research | Fletching |
| 17:13 | Build | Farm |
| 17:14 | Queue | Villager (Male) |
| 17:15 | Build | Farm |
| 17:27 | Build | Farm |
| 17:39 | Build | Farm |
| 18:12 | Queue | Villager (Male) |
| 18:54 | Research | Castle Age |
| 18:54 | Research | Castle Age |
| 18:55 | Build | Farm |
| 18:56 | Build | Farm |
| 18:56 | Build | Farm |
| 19:00 | Build | Farm |
| 19:01 | Queue | Skirmisher |
| 19:30 | Research | Padded Archer Armor |
| 19:30 | Research | Padded Archer Armor |
| 19:31 | Queue | Skirmisher |
| 19:41 | Build | Archery Range |
| 19:45 | Research | Gold Mining |
| 19:46 | Research | Gold Mining |
| 19:49 | Queue | Skirmisher |
| 19:55 | Build | House |
| 20:04 | Research | Bloodlines |
| 20:04 | Research | Bloodlines |
| 20:21 | Queue | Skirmisher |
| 20:33 | Build | Farm |
| 20:34 | Build | Farm |
| 20:34 | Queue | Skirmisher |
| 20:38 | Queue | Skirmisher |
| 20:51 | Research | Scale Barding Armor |
| 21:13 | Queue | Skirmisher |
| 21:34 | Age | Castle Age |
| 21:35 | Queue | Cavalry Archer |
| 21:36 | Queue | Cavalry Archer |
| 21:37 | Queue | Knight |
| 21:38 | Queue | Villager (Male) |
| 21:39 | Research | Bow Saw |
| 21:42 | Research | Town Watch |
| 21:49 | Build | House |
| 22:05 | Queue | Cavalry Archer |
Match timeline
| 4:52 | Dark_aoe · first_building Barracks |
| 6:52 | F1Re · wall_segment Palisade Wall x2 |
| 7:15 | Dark_aoe · wall_segment Palisade Wall x1 |
| 8:05 | Dark_aoe · wall_segment Palisade Wall x18 |
| 8:25 | F1Re · age_up feudal |
| 8:29 | F1Re · first_building Stable |
| 10:08 | Dark_aoe · age_up feudal |
| 10:10 | Dark_aoe · first_building Archery Range |
| 10:37 | F1Re · wall_segment Palisade Wall x1 |
| 11:20 | Dark_aoe · wall_segment Palisade Wall x1 |
| 11:35 | F1Re · wall_segment Palisade Wall x7 |
| 11:59 | F1Re · wall_segment Palisade Wall x5 |
| 11:59 | F1Re · wall_segment Palisade Wall x1 |
| 12:01 | F1Re · wall_segment Palisade Wall x4 |
| 12:18 | F1Re · wall_segment Palisade Wall x1 |
| 12:48 | F1Re · first_building Archery Range |
| 13:15 | Dark_aoe · wall_segment Palisade Wall x1 |
| 15:04 | Dark_aoe · wall_segment Palisade Wall x1 |
| 15:12 | F1Re · wall_segment Palisade Wall x5 |
| 15:14 | F1Re · wall_segment Palisade Wall x9 |
| 16:50 | Dark_aoe · wall_segment Palisade Wall x1 |
| 16:51 | Dark_aoe · wall_segment Palisade Wall x1 |
| 17:23 | Dark_aoe · wall_segment Palisade Wall x1 |
| 17:57 | Dark_aoe · wall_segment Palisade Wall x1 |
| 18:00 | Dark_aoe · wall_segment Palisade Wall x1 |
| 18:08 | Dark_aoe · wall_segment Palisade Wall x1 |
| 18:50 | Dark_aoe · wall_segment Palisade Wall x1 |
| 19:11 | Dark_aoe · wall_segment Palisade Wall x1 |
| 19:32 | Dark_aoe · age_up castle |
| 21:34 | F1Re · age_up castle |
| 21:53 | Dark_aoe · first_market_buy 100 food |
| 23:58 | F1Re · wall_segment Palisade Wall x2 |
| 24:39 | F1Re · wall_segment Palisade Wall x1 |
| 24:42 | F1Re · wall_segment Palisade Wall x1 |
| 25:23 | Dark_aoe · first_building Monastery |
| 33:15 | Dark_aoe · resign |
[ AI ANALYSIS · 1 CREDIT ]
What really happened in this match?
Wolo.gg analyzes every decision: build order, eco, micro, common mistakes by bracket. Personalized analysis on WhatsApp or Discord in 30 seconds.
Civ guide
Maya
Perfil
Jugador #1407942